 Dungeon Crawl Stone Soup version 0.22.1-2-g9c5b331383 (webtiles) character file.

447 Freyura the Conjurer (level 7, 0/50 HPs)
             Began as a Gnoll Conjurer on Dec 6, 2018.
             Slain by Duvessa
             ... wielding a +0 short sword
              (12 damage)
             ... on level 4 of the Dungeon.
             The game lasted 00:12:04 (3531 turns).

Freyura the Conjurer (Gnoll Conjurer)               Turns: 3531, Time: 00:12:04

Health: 0/50       AC:  4    Str: 10    XL:     7   Next: 3%
Magic:  1/15       EV: 15    Int: 20    God:
Gold:   230        SH:  0    Dex: 18    Spells: 15/16 levels left

rFire    . . .     SeeInvis .   p - +0 rapier
rCold    . . .     Gourm    .   (no shield)
rNeg     . . .     Faith    .   a - +0 robe
rPois    +         Spirit   .   i - +0 helmet
rElec    .         Reflect  .   h - +0 cloak
rCorr    .         Harm     .   (no gloves)
MR       .....                  (no boots)
Stlth    +++.......             (no amulet)
HPRegen  0.16/turn              r - ring of poison resistance
MPRegen  0.14/turn              n - +3 ring of dexterity

@: no status effects
A: distributed training, fangs 1, strong nose
a: no special abilities


You were on level 4 of the Dungeon.
You were hungry.

You visited 2 branches of the dungeon, and saw 5 of its levels.

You collected 230 gold pieces.

Inventory:

Hand Weapons
 p - a +0 rapier (weapon)
Armour
 a - a +0 robe (worn)
 h - a +0 cloak (worn)
 i - a +0 helmet (worn)
Jewellery
 g - an uncursed ring of positive energy
 n - a +3 ring of dexterity (right hand)
 r - a ring of poison resistance (left hand)
Wands
 o - a wand of random effects (25)
Scrolls
 b - a scroll of immolation {unknown}
 d - a scroll of teleportation
 j - 7 scrolls of identify
 k - a scroll of random uselessness {unknown}
Potions
 e - 2 potions of flight
 f - 2 potions of curing
 l - a potion of degeneration {unknown}
 m - 2 potions of invisibility {unknown}
 q - a potion of might {unknown}
Comestibles
 c - 5 rations


   Skills:
 + Level 2.2 Fighting
 + Level 2.2 Short Blades
 + Level 2.2 Long Blades
 + Level 2.2 Axes
 + Level 2.2 Maces & Flails
 + Level 2.2 Polearms
 + Level 2.2 Staves
 + Level 2.2 Slings
 + Level 2.2 Bows
 + Level 2.2 Crossbows
 + Level 2.2 Throwing
 + Level 2.2 Armour
 + Level 5.1 Dodging
 + Level 4.7 Stealth
 + Level 2.2 Shields
 + Level 2.2 Unarmed Combat
 + Level 5.4 Spellcasting
 + Level 7.3 Conjurations
 + Level 1.7 Hexes
 + Level 1.7 Charms
 + Level 1.7 Summonings
 + Level 1.7 Necromancy
 + Level 1.7 Translocations
 + Level 1.7 Transmutations
 + Level 1.7 Fire Magic
 + Level 1.7 Ice Magic
 + Level 1.7 Air Magic
 + Level 1.7 Earth Magic
 + Level 1.7 Poison Magic
 + Level 2.4 Invocations
 + Level 2.2 Evocations


You had 15 spell levels left.
You knew the following spells:

 Your Spells              Type           Power        Failure   Level  Hunger
a - Magic Dart            Conj           ####         1%          1    None

Your spell library contained the following spells:

 Spells                   Type           Power        Failure   Level  Hunger
 Searing Ray              Conj           ####..       1%          2    None
 Dazzling Spray           Conj/Hex       ###...       4%          3    ##.....
 Iskenderun's Mystic Bla  Conj           ####....     5%          4    ####...
 Force Lance              Conj/Tloc      ###.....     17%         4    ####...
 Fulminant Prism          Conj/Hex       ###.......   17%         4    ####...


Dungeon Overview and Level Annotations

Branches:
Dungeon (4/15)             Temple (1/1) D:4

Altars:
Ashenzari
Elyvilon
Fedhas
Gozag
Hepliaklqana
Kikubaaqudgha
Makhleb
Nemelex Xobeh
Okawaru
Ru
Sif Muna
Trog
Uskayaw
Xom
Yredelemnul
The Shining One

Annotations:
D:4 Duvessa


Innate Abilities, Weirdness & Mutations

Your experience applies equally to all skills.
You have very sharp teeth.
Your uncanny sense of smell can sniff out nearby items.


Message History

Duvessa closely misses you.
Casting: Magic Dart (safe; 1% risk of failure)
Confirm with . or Enter, or press ? or * to list all spells.
Aiming: Magic Dart (safe; 1% risk of failure)
Press: ? - help, Shift-Dir - straight line, f/p - adder
Aim: an adder (almost dead)
The magic dart hits the adder.
You kill the adder!
Duvessa hits you with a short sword.
Casting: Magic Dart (safe; 1% risk of failure)
Confirm with . or Enter, or press ? or * to list all spells.
Aiming: Magic Dart (safe; 1% risk of failure)
Press: ? - help, Shift-Dir - straight line, f - Duvessa
Aim: Duvessa, wielding a short sword and wearing a leather armour (moderately The magic dart hits Duvessa.
Duvessa is moderately wounded.
Duvessa hits you with a short sword!
* * * LOW HITPOINT WARNING * * *
Duvessa hits you with a short sword!
You die...

*............#,,,,*#....#......
*............#....##...##...##.
*............#....##...##...###
*............#....#.......(...#
*)...........#....#............
*............#...,#............
*.......)....#..,,#.........##.
*#######.....#)#####........###
#.....#@e..##...##...##.
#.....#....##>..##...##.
#.....#.....#.........#.
#.....'.....#.........#.
#.....#.....#.........#.
#.....#.....#.........+.
#.....###..#########.##.
##......#..####.####'##'
#......'...............


You could see Duvessa (berserk).

Vanquished Creatures
  Eustachio (D:4)
  Dowan (D:4)
  An orc wizard (D:3)
  An orc priest (D:3)
  A hound (D:4)
  A centaur skeleton (D:4)
  Robin (D:4)
  A howler monkey skeleton (D:4)
  4 adders
  2 oozes
  2 dart slugs
  3 orcs (D:3)
  4 ball pythons
  4 giant cockroaches
  8 hobgoblins
  9 jackals
  5 kobolds
  4 quokkas
  6 bats
  13 goblins
  5 rats
77 creatures vanquished.

Notes
Turn   | Place    | Note
-------+----------+-------------------------------------------
     0 | D:1      | Freyura the Gnoll Conjurer began the quest for the Orb.
     0 | D:1      | Reached XP level 1. HP: 13/13 MP: 6/6
   308 | D:1      | Reached XP level 2. HP: 19/19 MP: 5/7
   985 | D:2      | Reached XP level 3. HP: 25/25 MP: 6/9
   987 | D:2      | Reached skill level 5 in Spellcasting
  1046 | D:2      | You fall through a shaft for 2 floors!
  1050 | D:4      | Found a staircase to the Ecumenical Temple.
  1059 | Temple   | Entered the Ecumenical Temple
  1431 | D:2      | Reached skill level 1 in Invocations
  1708 | D:2      | Reached skill level 1 in Fighting
  1708 | D:2      | Reached skill level 1 in Short Blades
  1708 | D:2      | Reached skill level 1 in Long Blades
  1708 | D:2      | Reached skill level 1 in Axes
  1708 | D:2      | Reached skill level 1 in Maces & Flails
  1708 | D:2      | Reached skill level 1 in Polearms
  1708 | D:2      | Reached skill level 1 in Staves
  1708 | D:2      | Reached skill level 1 in Slings
  1708 | D:2      | Reached skill level 1 in Bows
  1708 | D:2      | Reached skill level 1 in Crossbows
  1708 | D:2      | Reached skill level 1 in Throwing
  1708 | D:2      | Reached skill level 1 in Armour
  1708 | D:2      | Reached skill level 1 in Shields
  1708 | D:2      | Reached skill level 1 in Unarmed Combat
  1708 | D:2      | Reached skill level 1 in Evocations
  1896 | D:3      | Found a hazy altar of Hepliaklqana.
  1899 | D:3      | Reached XP level 4. HP: 32/32 MP: 6/11
  2231 | D:3      | Reached skill level 1 in Hexes
  2231 | D:3      | Reached skill level 1 in Charms
  2231 | D:3      | Reached skill level 1 in Summonings
  2231 | D:3      | Reached skill level 1 in Necromancy
  2231 | D:3      | Reached skill level 1 in Translocations
  2231 | D:3      | Reached skill level 1 in Transmutations
  2231 | D:3      | Reached skill level 1 in Fire Magic
  2231 | D:3      | Reached skill level 1 in Ice Magic
  2231 | D:3      | Reached skill level 1 in Air Magic
  2231 | D:3      | Reached skill level 1 in Earth Magic
  2231 | D:3      | Reached skill level 1 in Poison Magic
  2234 | D:3      | Reached XP level 5. HP: 19/37 MP: 1/12
  2573 | D:3      | Found a white marble altar of Elyvilon.
  2743 | D:4      | Noticed Eustachio
  2753 | D:4      | Killed Eustachio
  2753 | D:4      | Reached XP level 6. HP: 40/44 MP: 7/14
  2816 | D:4      | Reached skill level 5 in Dodging
  3054 | D:4      | Found an iron altar of Okawaru.
  3081 | D:4      | Noticed Robin
  3086 | D:4      | Killed Robin
  3516 | D:4      | Noticed Duvessa
  3516 | D:4      | Noticed Dowan
  3527 | D:4      | Killed Dowan
  3527 | D:4      | Reached XP level 7. HP: 30/50 MP: 4/15
  3531 | D:4      | Slain by Duvessa

Skill      XL: |  1  2  3  4  5  6 |
---------------+-------------------+-----
Spellcasting   | 5 |  5.4
Invocations    | 1 2 |  2.4
Fighting       | 1 2 |  2.2
Short Blades   | 1 2 |  2.2
Long Blades    | 1 2 |  2.2
Axes           | 1 2 |  2.2
Maces & Flails | 1 2 |  2.2
Polearms       | 1 2 |  2.2
Staves         | 1 2 |  2.2
Slings         | 1 2 |  2.2
Bows           | 1 2 |  2.2
Crossbows      | 1 2 |  2.2
Throwing       | 1 2 |  2.2
Armour         | 1 2 |  2.2
Shields        | 1 2 |  2.2
Unarmed Combat | 1 2 |  2.2
Evocations     | 1 2 |  2.2
Hexes          | 1 |  1.7
Charms         | 1 |  1.7
Summonings     | 1 |  1.7
Necromancy     | 1 |  1.7
Translocations | 1 |  1.7
Transmutations | 1 |  1.7
Fire Magic     | 1 |  1.7
Ice Magic      | 1 |  1.7
Air Magic      | 1 |  1.7
Earth Magic    | 1 |  1.7
Poison Magic   | 1 |  1.7
Dodging        | 5 |  5.1
Stealth        | |  4.7
Conjurations   | |  7.3

Action                   |  1- 3 |  4- 6 |  7- 9 || total
-------------------------+-------+-------+-------++-------
Melee: Dagger            |     2 |    23 |       ||    25
       Bite              |       |     1 |       ||     1
 Cast: Magic Dart        |    61 |    98 |     5 ||   164
  Use: Scroll            |     6 |     1 |       ||     7
 Stab: Sleeping          |     2 |     1 |       ||     3
  Eat: Ration            |     2 |       |       ||     2
Armor: Robe              |     5 |     9 |     1 ||    15
Dodge: Dodged            |     5 |    25 |     7 ||    37
